Match 42592455
Unlisted

Match 42592455
End
Panzerpioneer Squad
Panzergrenadier Squad
Selects Armored Support Battlegroup
250 Light Carrier
Construct Light Support Kompanie
Assault Grenadier Squad
Combat Half-tracks
Selects Superior Fire Drills
Construct Mechanized Kompanie
Panzerjäger Mechanized Group
8 Rad Armored Car
Selects Flammpanzer III Medium Tank
Flammpanzer III Medium Tank
Selects Command Panzer IV F Medium Tank
Support Armor Elements
StuG III D Assault Gun
Assault Mechanized Group
Assault Mechanized Group
Selects Salvage Kits
Marder III Tank Destroyer
Selects Panzer Storm
豪师傅
MinisteriumfürStaatssicherheit
HulkSMASH
⚓️Ruby⚓
0
0

Comments sign in to comment!

No comments posted yet!